 Dungeon Crawl Stone Soup version 0.28-a0-804-g60983d4ba9 (webtiles) character file.

Game seed: 6233988791926341867

51 vurker the Gusty (level 3, 15/15 HPs)
             Began as a Felid Air Elementalist on Nov 7, 2021.
             Quit the game on level 2 of the Dungeon.
             The game lasted 00:02:39 (2083 turns).

vurker the Gusty (Felid Air Elementalist)           Turns: 2083, Time: 00:02:40

Health: 15/15      AC:  1    Str:  4    XL:     3   Next: 57%
Magic:  8/8        EV: 17    Int: 17    God:
Gold:   93         SH:  0    Dex: 16    Spells: 7/8 levels left
                                        Lives:  0   Deaths: 1

rFire   . . .      SeeInvis +   (weapon unavailable)
rCold   . . .      Faith    .   (shield unavailable)
rNeg    . . .      Spirit   .   (armour unavailable)
rPois   .          Reflect  .   (helmet unavailable)
rElec   .          Harm     .   (cloak unavailable)
rCorr   .          Rampage  .   (gloves unavailable)
Will    .....                   (boots unavailable)
Stlth   ++........              l - amulet of regeneration
HPRegen 1.05/turn               (no ring)
MPRegen 0.11/turn               (no ring)

@: quick
A: very small, claws 1, fangs 3, see invisible, speed 1, shaggy fur 1, stealthy
paws, no weapons or thrown items, no armour, multi-lived
a: no special abilities


You were on level 2 of the Dungeon.
You visited 1 branch of the dungeon, and saw 3 of its levels.

You collected 93 gold pieces.

Inventory:

Jewellery
 l - an amulet of regeneration (around neck)
   (You found it on level 2 of the Dungeon)
 m - a ring of protection from cold
   (You took it off a kobold on level 2 of the Dungeon)
Scrolls
 b - 5 scrolls of identify {unknown}
 h - a scroll of fog {unknown}
 j - a scroll of amnesia {unknown}
Potions
 a - a potion of lignification {unknown}
 c - a potion of resistance {unknown}
 d - a potion of attraction {unknown}
 e - a potion of might {unknown}
 f - a potion of curing {unknown}
 g - 2 potions of experience {unknown}
 i - a potion of heal wounds {unknown}
 k - 2 potions of invisibility {unknown}
 n - a potion of cancellation {unknown}


   Skills:
 + Level 1.4 Fighting
 - Level 2.6 Dodging
 - Level 2.6 Stealth
 * Level 3.0 Spellcasting
 + Level 1.8 Conjurations
 * Level 3.5 Air Magic


You had 7 spell levels left.
You knew the following spells:

 Your Spells              Type           Power      Damage    Failure   Level
a - Shock                 Conj/Air       44%        1d5       6%          1

Your spell library contained the following spells:

 Spells                   Type           Power      Damage    Failure   Level
 Static Discharge         Conj/Air       11%        N/A       9%          2
 Swiftness                Air            14%        N/A       12%         3
 Airstrike                Air            7%         N/A       38%         4


Dungeon Overview and Level Annotations

Branches:
Dungeon (3/15)

Altars:


Innate Abilities, Weirdness & Mutations

You have sharp claws.
You have razor-sharp teeth.
You have supernaturally acute eyesight. (SInv)
You cover ground quickly. (Speed+)
You are covered in fur. (AC +1)
Your paws help you pounce on unaware monsters.
You are incapable of wielding weapons or throwing items.
You cannot wear armour.
You gain extra lives every three experience levels.


Message History

Aim: a frilled lizard (48% to hit)
You miscast Shock.
You are very lightly contaminated with residual magic.
Nothing appears to happen.
Aim: a frilled lizard (48% to hit)
The zap misses the frilled lizard.
The frilled lizard misses you.
Aim: a frilled lizard (48% to hit)
The zap hits the frilled lizard.
You kill the frilled lizard!
You can't see any susceptible monsters within range! (Use Z to cast anyway.)
b - 5 scrolls labelled XECLU PASOKH (gained 2)
You see here an adder corpse.
There is a stone staircase leading up here.
Your magical contamination has completely faded away.
An orc comes into view. It is wielding a +0 dagger.
Found 25 bolts.
The orc shouts!
You hear a shout! x4
An orc is nearby!
The zap hits the orc.
The zap misses the orc.
The zap hits the orc.
An orc priest comes into view. It is wielding a +0 hand axe.
The zap hits the orc.
You kill the orc!
The zap hits the orc priest.
A rat comes into view.
The zap misses the orc priest.
The zap hits the rat.
The orc priest closely misses you.
An orc comes into view. It is wielding a +0 morningstar.
There is a stone staircase leading up here.
The orc priest invokes the aid of Beogh against you.
Beogh smites you!
Ouch! That really hurt!
* * * LOW HITPOINT WARNING * * *
The orc shouts!
You climb upwards.
There is a stone staircase leading down here.
Okay, then.
Aim: an orc priest, wielding a +0 hand axe (moderately wounded, 68% to hit)
The zap misses the orc priest.
The orc priest hits you with a +0 hand axe.
* * * LOW HITPOINT WARNING * * *
You aren't carrying any items that you can evoke.
Aim: an orc priest, wielding a +0 hand axe (moderately wounded, 68% to hit)
The zap hits the orc priest.
The orc priest invokes the aid of Beogh against you.
Beogh smites you!
Ouch! That really hurt!
You die...
You are now level 3!
You rejoin the land of the living...

##.≈≈≈≈≈≈.≈≈≈≈≈.#
##..≈≈≈≈♣_♣≈≈≈≈.#
...≈.≈≈≈.≈.≈≈≈..##
)...)≈≈≈≈≈≈≈≈≈≈≈.#
...≈.≈≈≈≈≈≈≈≈≈...#########
....≈≈≈≈≈≈≈≈≈≈≈....#....[##
....≈≈≈..≈.≈..≈...........##
....≈.....≈≈...≈...........#
........####....@..........#
........# #.<.............#
....##..# #...............#
##....#.####...............#
...##....#................##
.........#.###.....#.....##
...).......# #############
..........## ####..#(..#


There were no monsters in sight!

Vanquished Creatures
  Terence (D:2)
  A gnoll (D:1)
  4 adders
  2 dart slugs
  An orc (D:3)
  2 ball pythons (D:2)
  2 endoplasms
  A giant cockroach (D:1)
  2 goblins (D:2)
  6 hobgoblins
  3 kobolds (D:2)
  2 quokkas (D:1)
  A bat (D:1)
  5 frilled lizards
  4 rats
37 creatures vanquished.

Notes
Turn   | Place    | Note
-------+----------+-------------------------------------------
     0 | D:1      | vurker the Felid Air Elementalist began the quest for the
                  | Orb.
     0 | D:1      | Reached XP level 1. HP: 7/7 MP: 4/4
    61 | D:1      | Reached skill level 1 in Conjurations
    61 | D:1      | Reached XP level 2. HP: 10/12 MP: 0/6
  1125 | D:2      | Reached XP level 3. HP: 15/15 MP: 1/7
  1205 | D:2      | Found a faded altar of an unknown god.
  1360 | D:2      | Reached skill level 1 in Fighting
  1546 | D:2      | Reached XP level 4. HP: 19/19 MP: 0/9
  1682 | D:2      | Noticed Terence
  1703 | D:2      | Killed Terence
  2082 | D:2      | Killed from afar by an orc priest
  2083 | D:2      | Reached XP level 3. HP: -5/15 MP: 4/8
  2083 | D:2      | Quit the game

Illustrated notes

Levels and vault maps discovered:
D:1:      saegor_arrival_miasma, layout_basic, hangedman_abyss_or_decor_stabs,
          st_stairs_6
D:2:      layout_rooms, chequers_ecumenical_altar_island, uniq_terence
D:3:      layout_rooms, vehumet_statue, minitemple, uniq_grinder

Skill      XL: |  1  2  3  4 |
---------------+-------------+-----
Conjurations   | 1 |  1.8
Air Magic      | 3 |  3.5
Fighting       | 1 |  1.4
Spellcasting   | 3 |  3.0
Dodging        | |  2.6
Stealth        | |  2.6

Action                   |  1- 3 |  4- 6 || total
-------------------------+-------+-------++-------
Melee: Unarmed           |    11 |       ||    11
       Bite              |     1 |       ||     1
 Cast: Shock             |    76 |    27 ||   103
Dodge: Dodged            |    28 |     4 ||    32

Table legend: (Time is in decaauts)
 A = Elapsed time spent in this place.
 B = Non-inter-level travel time spent in this place.
 C = Inter-level travel time spent in this place.
 D = Time resting spent in this place.
 E = Time spent auto-exploring this place.
 F = Levels seen in this place.
 G = Mean time per level.
                   A        B        C        D        E       F      G
               +--------+--------+--------+--------+--------+-----+--------+
         Total |   1901 |   1845 |     56 |     99 |   1452 |   3 |  633.7 |
       Dungeon |   1901 |   1845 |     56 |     99 |   1452 |   3 |  633.7 |
               +--------+--------+--------+--------+--------+-----+--------+

Top non-repeatable levels by time:
     D:1: 1116 daAuts
     D:2: 702 daAuts
     D:3: 82 daAuts
